 Dungeon Crawl Stone Soup version 0.30.0-29-ga12c61a403 (webtiles) character file.

Game seed: 5537461895923464798

3711 booth the Trooper (level 9, -6/72 HPs)
             Began as a Demonspawn Gladiator on June 7, 2023.
             Was an Initiate of Gozag.
             Mangled by Pikel
             ... wielding a +2 whip of freezing
              (17 damage)
             ... on level 7 of the Dungeon on June 8, 2023.
             The game lasted 00:52:53 (8766 turns).

booth the Trooper (Demonspawn Gladiator)            Turns: 8766, Time: 00:52:54

Health: -6/72      AC: 17    Str: 19    XL:     9   Next: 91%
Magic:  9/9        EV: 15    Int:  6    God:    Gozag
Gold:   677        SH:  4    Dex: 18    Spells: 8/8 levels left

rFire   + . .        v - +2 flail (protect)
rCold   + . .        (no shield)
rNeg    . . .        f - +0 ring mail "Zaid" {rC+ Int-2 Dex+3}
rPois   +            (helmet restricted)
rElec   .            o - +0 cloak
rCorr   .            (no gloves)
SInv    .            (no boots)
Will    .....        m - amulet "Citreank" {Acrobat rPois rF+ Str+2 Int-3 Stlth+}
Stlth   ++           (no ring)
HPRegen 0.32/turn    (no ring)
MPRegen 0.11/turn

%: acrobat
@: under a protective aura
A: hooves 1, horns 2, icemail 1, condensation shield, weakness stinger 1
a: Renounce Religion, Potion Petition, Call Merchant, Bribe Branch


You were on level 7 of the Dungeon.
You worshipped Gozag.
Gozag was pleased with you.
You visited 1 branch of the dungeon, and saw 8 of its levels.

You collected 2767 gold pieces.
You spent 924 gold pieces at shops.
You paid 1166 gold pieces to Gozag.

Inventory:

Hand Weapons
 a - a +0 war axe
 i - a +0 mace
 v - a +2 flail of protection (weapon)
 w - a +2 heavy flail
Missiles
 b - a curare-tipped dart
 d - 3 throwing nets
 h - 3 poisoned darts (quivered)
 t - 8 boomerangs
Armour
 e - a +0 ring mail of fire resistance
 f - the +0 ring mail "Zaid" (worn) {rC+ Int-2 Dex+3}
   (You bought it in a shop on level 5 of the Dungeon)

   Int:       It affects your intelligence (-2).
   Dex:       It affects your dexterity (+3).
   rC:        It protects you from cold.
 o - a +0 cloak (worn)
Jewellery
 c - an amulet of regeneration
 m - the amulet "Citreank" (around neck) {Acrobat rPois rF+ Str+2 Int-3 Stlth+}
   (You bought it in a shop on level 2 of the Dungeon)

   [amulet of the acrobat]

   It increases your evasion while moving and waiting.
   Str:       It affects your strength (+2).
   Int:       It affects your intelligence (-3).
   rF:        It protects you from fire.
   rPois:     It protects you from poison.
   Stlth:     It makes you more stealthy.
Wands
 q - a wand of mindburst (7)
 u - a wand of polymorph (15)
 x - a wand of iceblast (9)
Scrolls
 n - a scroll of blinking
 r - a scroll of teleportation
 s - a scroll of silence
Potions
 j - 2 potions of brilliance
 k - a potion of flight
 l - 3 potions of mutation
 p - 2 potions of might


   Skills:
 + Level 7.2 Fighting
 + Level 6.9 Axes
 + Level 0.0(4.2) Maces & Flails
 + Level 6.6 Throwing
 + Level 2.2 Armour
 + Level 7.0 Dodging


You had 8 spell levels left.
You didn't know any spells.
Your spell library contained the following spells:

 Spells                   Type           Power      Damage    Failure   Level
 Call Canine Familiar     Summ           0%         N/A       94%         3
 Ozocubu's Armour         Ice            0%         N/A       94%         3
 Portal Projectile        Hex/Tloc       0%         N/A       94%         3
 Leda's Liquefaction      Hex/Erth       0%         N/A       100%        4
 Fireball                 Conj/Fire      0%         3d3       100%        5
 Iskenderun's Battlesphe  Conj           0%         2d6       100%        5
 Conjure Ball Lightning   Conj/Air       0%         3x3d6     100%        6
 Orb of Destruction       Conj           0%         9d5       100%        7
 Ozocubu's Refrigeration  Ice            0%         4d7       100%        7
 Borgnjor's Revivificati  Necr           0%         N/A       100%        8
 Necromutation            Tmut/Necr      0%         N/A       100%        8
 Death's Door             Necr           0%         N/A       100%        9


Dungeon Overview and Level Annotations

Branches:
Dungeon (8/15)             Temple (0/1) D:5
   Lair: D:8-11

Altars:
Cheibriados
Gozag
Makhleb
Ru
Sif Muna
Wu Jian
Xom

Shops:
D:2 =   D:4 (   D:5 [

Annotations:
D:7 Pikel
D:8 Amaemon


Innate Abilities, Weirdness & Mutations

You have large cloven feet.
You have a pair of horns on your head.
A meltable icy envelope protects you from harm. (AC +4)
A meltable shield of frost defends you. (SH +4)
You have a small tail.


Message History

Pikel is lightly wounded.
Pikel hits you with a +2 whip of freezing!
Pikel freezes you. You block the lemure's attack.
Pikel hits you with a +2 whip of freezing.
You hit Pikel. Your kick misses Pikel.
Your tail-slap misses Pikel.
Pikel is lightly wounded.
Pikel hits you with a +2 whip of freezing!
Pikel freezes you. The lemure barely misses you.
You hit Pikel but do no damage. Your kick misses Pikel.
Pikel is lightly wounded.
Pikel hits you with a +2 whip of freezing!
Pikel freezes you. The lemure barely misses you.
Pikel hits you with a +2 whip of freezing.
Pikel freezes you.
You barely miss Pikel. Your punch misses Pikel.
Pikel is lightly wounded.
Pikel hits you but does no damage. The lemure closely misses you.
Pikel hits you but does no damage. The lemure hits you but does no damage.
You hit Pikel but do no damage. Your kick misses Pikel.
Pikel is lightly wounded.
Pikel closely misses you. The lemure completely misses you.
You block Pikel's attack.
You sock Pikel! You kick Pikel. Your headbutt misses Pikel.
You tail-slap Pikel, but do no damage.
Pikel is moderately wounded.
You block Pikel's attack. The lemure barely misses you.
Pikel hits you with a +2 whip of freezing!
Pikel freezes you.
You closely miss Pikel. You kick Pikel, but do no damage.
Pikel is moderately wounded.
Pikel hits you with a +2 whip of freezing!
* * * LOW HITPOINT WARNING * * *
Pikel freezes you.
* * * LOW HITPOINT WARNING * * *
The lemure hits you!
* * * LOW HITPOINT WARNING * * *
You feel better.
Pikel hits you with a +2 whip of freezing!
You die...
Your body crumbles into a pile of gold.

#.......###.# #......
#.......#...# ######.
#.......#.###### #.
#....)..#.##...# #.
#.........##...######.
######'#####..........
#.# #....######
##K#####[...######
#@5....'....))....
########...####...
##### #... #... #...
####


You could see Pikel (berserk) and a lemure.

Vanquished Creatures
  Grinder (D:4)
  Sigmund (D:5)
  A wyvern (D:7)
  Menkaure (D:4)
  A water moccasin (D:7)
  3 orc warriors
  5 ogres
  An ice beast (D:6)
  2 sky beasts (D:7)
  A centaur (D:7)
  A phantom (D:4)
  A kobold brigand (D:6)
  Blork the orc (D:4)
  A bullfrog (D:6)
  4 scorpions
  2 gnoll sergeants
  5 wights (D:6)
  3 hounds (D:6)
  7 orc priests
  2 sleepcaps
  Jessica (D:3)
  Ijyb (D:4)
  7 orc wizards
  5 iguanas
  Robin (D:3)
  8 adders
  6 gnolls
  A shadow imp (D:5)
  3 white imps
  An ufetubus (D:5)
  6 worms
  3 dart slugs
  29 orcs
  12 ball pythons
  7 bats
  10 endoplasms
  4 giant cockroaches
  18 goblins
  5 hobgoblins
  11 jackals
  13 kobolds
  3 quokkas
  6 rats
205 creatures vanquished.

Notes
Turn   | Place    | Note
-------+----------+-------------------------------------------
     0 | D:1      | booth the Demonspawn Gladiator began the quest for the Orb.
     0 | D:1      | Reached XP level 1. HP: 16/16 MP: 1/1
   199 | D:1      | Found a faded altar of an unknown god.
   227 | D:1      | Prayed at the altar of an unknown god.
   227 | D:1      | Became a worshipper of Gozag Ym Sagoz the Greedy
   277 | D:1      | Discovered your monstrous ancestry.
   277 | D:1      | Gained mutation: You have a pair of small horns on your
                  | head. [demonic ancestry]
   277 | D:1      | Reached XP level 2. HP: 22/22 MP: 2/2
   765 | D:1      | Gained mutation: A meltable shield of frost defends you.
                  | (SH +4) [demonic ancestry]
   765 | D:1      | Reached XP level 3. HP: 23/28 MP: 3/3
   829 | D:1      | Identified a scroll of acquirement
   829 | D:1      | Acquired 410 gold pieces
  1236 | D:2      | Gained mutation: You have a small tail. [demonic ancestry]
  1236 | D:2      | Reached XP level 4. HP: 30/34 MP: 4/4
  1270 | D:2      | Found a shimmering altar of Xom.
  2263 | D:3      | Reached XP level 5. HP: 41/41 MP: 5/5
  2374 | D:3      | Found a snail-covered altar of Cheibriados.
  2379 | D:3      | Noticed Jessica
  2396 | D:3      | Killed Jessica
  2492 | D:3      | Noticed Robin
  2521 | D:3      | Killed Robin
  2897 | D:3      | Gained mutation: You have large cloven feet. [demonic
                  | ancestry]
  2897 | D:3      | Reached XP level 6. HP: 47/47 MP: 6/6
  3275 | D:4      | Acquired 634 gold pieces
  3359 | D:4      | Noticed Blork the orc
  3372 | D:4      | Killed Blork the orc
  3472 | D:4      | Found an ornate altar of the Wu Jian Council.
  3628 | D:4      | Gained mutation: You have a pair of horns on your head.
                  | [demonic ancestry]
  3628 | D:4      | Reached XP level 7. HP: 20/54 MP: 7/7
  3879 | D:2      | Bought the amulet "Citreank" {Acrobat rPois rF+ Str+2 Int-3
                  | Stlth+} for 586 gold pieces
  4047 | D:4      | Noticed Ijyb
  4059 | D:4      | Killed Ijyb
  4387 | D:4      | Noticed Grinder
  4403 | D:4      | Paralysed by Grinder for 4 turns
  4412 | D:4      | Killed Grinder
  4613 | D:4      | Reached skill level 5 in Dodging
  4666 | D:4      | Found a shimmering altar of Xom.
  4682 | D:4      | Reached skill level 5 in Axes
  4682 | D:4      | Gained mutation: A meltable icy envelope protects you from
                  | harm. (AC +4) [demonic ancestry]
  4682 | D:4      | Reached XP level 8. HP: 43/61 MP: 8/8
  4700 | D:4      | Noticed Menkaure
  4709 | D:4      | Killed Menkaure
  4710 | D:4      | Reached skill level 5 in Fighting
  5039 | D:5      | Entered Level 5 of the Dungeon
  5203 | D:5      | Found Xarisch's Armour Boutique.
  5217 | D:5      | Bought the +0 ring mail "Zaid" {rC+ Int-2 Dex+3} for 221
                  | gold pieces
  5352 | D:5      | Found a staircase to the Ecumenical Temple.
  5352 | D:5      | Noticed Sigmund
  5361 | D:5      | Killed Sigmund
  5362 | D:5      | Reached skill level 5 in Throwing
  5463 | D:5      | Found a sacrificial altar of Ru.
  6298 | D:5      | Reached XP level 9. HP: 25/69 MP: 9/9
  6498 | D:6      | Found a burning altar of Makhleb.
  7224 | D:6      | Found a shimmering blue altar of Sif Muna.
  7725 | D:4      | Bought a runed flail for 117 gold pieces
  7882 | D:6      | Reached skill level 1 in Armour
  8752 | D:8      | Noticed Amaemon
  8752 | D:8      | Noticed Pikel
  8753 | D:8      | Noticed an orange demon
  8766 | D:7      | Mangled by Pikel

Illustrated notes

Levels and vault maps discovered:
D:1:      dpeg_arrival_shelter, layout_loops_ring,
          hellmonk_ecumenical_altar_leap_of_faith
D:2:      layout_loops_corners, basic_altar, dreamdust_wishing_well
D:3:      layout_basic, cheibriados_altar_1, uniq_jessica, uniq_robin
D:4:      layout_basic, mainiacjoe_overflow_catwalk,
          mainiacjoe_overflow_boulevard, bh_walls_and_bars, uniq_grinder,
          uniq_ijyb, uniq_menkaure, uniq_blork_the_orc
D:5:      layout_rooms, mainiacjoe_overflow_concentric_impassable,
          minmay_temple_entry_statues_pillars, serial_shops, shop,
          kennysheep_opposing_triangles, uniq_sigmund
D:6:      layout_loops_cross, lemuel_crystal_altar, led_sif_book
D:7:      layout_basic
D:8:      minmay_inner_zag, layout_cave_pools, nicolae_uskayaw_dance_hall,
          uniq_amaemon, uniq_pikel, uniq_prince_ribbit1

Skill      XL: |  1  2  3  4  5  6  7  8  9 |
---------------+----------------------------+-----
Throwing       | 2 3 4 5 6 |  6.6
Dodging        | 3 4 5 6 7 |  7.0
Axes           | 3 4 5 6 |  6.9
Fighting       | 3 4 6 7 |  7.2
Armour         | 2 |  2.2

Action                     |  1- 3 |  4- 6 |  7- 9 || total
---------------------------+-------+-------+-------++-------
  Melee: War axe           |    89 |   174 |   276 ||   539
         Punch             |     2 |     1 |     2 ||     5
         Headbutt          |     8 |    19 |    64 ||    91
         Tailslap          |       |    17 |    51 ||    68
         Kick              |       |    17 |    96 ||   113
         Flail             |       |       |    47 ||    47
  Throw: Javelin           |       |     2 |       ||     2
         Throwing net      |       |     1 |       ||     1
         Dart              |       |       |     1 ||     1
         Boomerang         |       |       |     1 ||     1
 Invoke: Call Merchant     |       |     2 |       ||     2
    Use: Scroll            |     3 |     4 |     6 ||    13
         Potion            |     1 |     2 |     5 ||     8
   Stab: Sleeping          |       |       |     2 ||     2
 Armour: Leather armour    |    19 |    35 |       ||    54
         Ring mail         |       |     9 |    88 ||    97
  Dodge: Dodged            |    46 |    95 |   228 ||   369
  Block: Other             |     9 |    36 |    52 ||    97
